[Event "Live Chess"]
[Site "Chess.com"]
[Date "2021.02.28"]
[Round "-"]
[White "Nisbet, Charles"]
[Black "Blackford, Ross"]
[Result "0-1"]
[BlackElo "1265"]
[CurrentPosition "7k/p6p/4p3/5p2/3n4/5pP1/3K1P1P/8 w - -"]
[ECO "B13"]
[ECOUrl "https://www.chess.com/openings/Caro-Kann-Defense-Exchange-Variation-3...cxd5"]
[EndDate "2021.02.28"]
[EndTime "15:06:55"]
[Link "https://www.chess.com/live/game/8261058247"]
[StartTime "14:21:29"]
[Termination "Ragnar006 won by resignation"]
[TimeControl "1500"]
[Timezone "UTC"]
[UTCDate "2021.02.28"]
[UTCTime "14:21:29"]
[WhiteElo "1488"]

1. e4 c6 2. d4 d5 3. exd5 cxd5 4. c3 Nf6 5. Bd3 Nc6 6. Nf3 Bg4 7. Nbd2 e6 8. Qb3 Qc7 9. O-O Bxf3 10. Nxf3 Bd6 11. Re1 O-O 12. Bg5 Rac8 13. Bxf6 gxf6 14. g3 Kh8 15. Rac1 Rg8 16. Kg2 Rg7 17. Rg1 Rcg8 18. Kh1 f5 19. c4 dxc4 20. Qxc4 f4 21. Ne5 Nxe5 22. Qxc7 Bxc7 23. Rxc7 Nxd3 24. Rxb7 f3 25. Rf1 f5 26. Rxg7 Rxg7 27. Kg1 Rc7 28. b3 Rc1 29. Rxc1 Nxc1 30. b4 Nxa2 31. Kf1 Nxb4 32. Ke1 Nc2+ 33. Kd2 Nxd4 0-1

[Event "Live Chess"]
[Site "Chess.com"]
[Date "2021.02.28"]
[Round "-"]
[White "Robertson, Callum"]
[Black "Clark, Andrew"]
[Result "1-0"]
[BlackElo "1471"]
[CurrentPosition "8/8/1K6/8/6Qp/6kP/8/8 b - -"]
[ECO "D06"]
[ECOUrl "https://www.chess.com/openings/Queens-Gambit-Declined-Marshall-Defense"]
[EndDate "2021.02.28"]
[EndTime "14:48:25"]
[Link "https://www.chess.com/live/game/8259831093"]
[StartTime "13:59:38"]
[Termination "Ananab_Pot won by resignation"]
[TimeControl "1500+10"]
[Timezone "UTC"]
[UTCDate "2021.02.28"]
[UTCTime "13:59:38"]
[WhiteElo "1552"]

1. d4 Nf6 2. c4 d5 3. cxd5 Nxd5 4. e4 Nf6 5. Nc3 Nbd7 6. Nf3 Nb6 7. Be2 Bg4 8. O-O e6 9. h3 Bxf3 10. Bxf3 c6 11. Bf4 Be7 12. Rc1 O-O 13. Qd3 c5 14. Rfd1 Qxd4 15. Qxd4 cxd4 16. Rxd4 Rad8 17. Rcd1 Rxd4 18. Rxd4 Rd8 19. Rxd8+ Bxd8 20. Bg5 Bc7 21. Bxf6 gxf6 22. e5 Bxe5 23. Bxb7 Nc4 24. Nb5 Nxb2 25. Nxa7 Nd3 26. Nc6 Nc5 27. Nxe5 Nxb7 28. Nd7 Kg7 29. Kf1 Kg6 30. Ke2 Nd6 31. Kd3 f5 32. Nc5 e5 33. a4 e4+ 34. Kd4 Kf6 35. a5 Nc8 36. a6 Na7 37. Kd5 Kg5 38. Kd4 Kf4 39. Nb3 h5 40. Nd2 Nc6+ 41. Kc5 Na7 42. Kb6 e3 43. fxe3+ Kxe3 44. Kxa7 Kxd2 45. Kb7 Ke2 46. a7 f4 47. a8=Q Kf2 48. Qa2+ Kg3 49. Qe2 f5 50. Qf3+ Kh2 51. Qxf4+ Kxg2 52. Qxf5 h4 53. Kb6 Kg3 54. Qg4+ 1-0

[Event "Live Chess"]
[Site "Chess.com"]
[Date "2021.02.28"]
[Round "-"]
[White "Pearson, Walter J"]
[Black "McKay, Ruairidh"]
[Result "0-1"]
[BlackElo "1549"]
[CurrentPosition "4r3/6k1/3p3p/3P4/1RP3P1/8/5K2/4q3 w - -"]
[ECO "C28"]
[ECOUrl "https://www.chess.com/openings/Bishops-Opening-Berlin-Vienna-Hybrid-Variation"]
[EndDate "2021.02.28"]
[EndTime "14:44:44"]
[Link "https://www.chess.com/live/game/8259853055"]
[StartTime "14:01:02"]
[Termination "jennlewis won by resignation"]
[TimeControl "1500+10"]
[Timezone "UTC"]
[UTCDate "2021.02.28"]
[UTCTime "14:01:02"]
[WhiteElo "1212"]

1. e4 e5 2. Nc3 Nc6 3. Bc4 Nf6 4. d3 Be7 5. f4 d6 6. f5 a6 7. a3 b5 8. Ba2 Nb8 9. Nf3 h6 10. O-O Bb7 11. Be3 c5 12. h3 Nbd7 13. Nd5 Nxd5 14. exd5 Nf6 15. c4 Bc8 16. Qe1 Bxf5 17. Rd1 Bh7 18. Nh4 Qd7 19. Qf2 bxc4 20. dxc4 Rb8 21. b3 a5 22. Nf5 Bxf5 23. Qxf5 Qxf5 24. Rxf5 Ne4 25. Bd2 Nxd2 26. Rxd2 Bg5 27. Rd3 O-O 28. Rdf3 e4 29. Rf1 g6 30. R5f2 Be3 31. Kh2 Bxf2 32. Rxf2 f5 33. g3 g5 34. Kg2 f4 35. gxf4 gxf4 36. Rb2 Rbe8 37. Bb1 f3+ 38. Kf1 e3 39. Bd3 Kg7 40. Ke1 Rf4 41. b4 axb4 42. axb4 cxb4 43. Rxb4 f2+ 44. Kf1 Rd4 45. Be2 Rh4 46. Bg4 Rxg4 47. hxg4 e2+ 48. Kxf2 e1=Q+ 0-1

[Event "Live Chess"]
[Site "Chess.com"]
[Date "2021.02.28"]
[Round "-"]
[White "Vasiliadis, Theodoros"]
[Black "Linskaill, Chris"]
[Result "1-0"]
[BlackElo "1608"]
[CurrentPosition "2Q4r/1p2qPk1/p2b4/3pN3/8/1P5r/P5RB/5R1K b - -"]
[ECO "B12"]
[ECOUrl "https://www.chess.com/openings/Caro-Kann-Defense-Advance-Tal-Variation"]
[EndDate "2021.02.28"]
[EndTime "12:10:36"]
[Link "https://www.chess.com/live/game/8249105083"]
[StartTime "11:05:45"]
[Termination "crywolf63 won on time"]
[TimeControl "1500+10"]
[Timezone "UTC"]
[UTCDate "2021.02.28"]
[UTCTime "11:05:45"]
[WhiteElo "1721"]

1. e4 c6 2. d4 d5 3. e5 Bf5 4. h4 h5 5. Nf3 e6 6. Be2 Nd7 7. O-O Be7 8. Bg5 Qb6 9. b3 c5 10. dxc5 Bxc5 11. Nc3 Be7 12. Nb5 Bc5 13. c3 a6 14. Nbd4 Bg6 15. Bd3 Bxd3 16. Qxd3 Nh6 17. Rac1 Ng4 18. Bf4 Ba3 19. Rc2 O-O 20. Ng5 g6 21. Re2 Kg7 22. f3 Nh6 23. Kh1 Nf5 24. Nxf5+ gxf5 25. g4 hxg4 26. fxg4 Rh8 27. gxf5 Rxh4+ 28. Bh2 Nxe5 29. Rxe5 Bd6 30. Re2 Rah8 31. Nf3 Rh3 32. fxe6 Qc7 33. Rg2+ Kf8 34. Qe2 Qxc3 35. exf7 Qc8 36. Ne5 R3h6 37. Ng4 R6h7 38. Qf3 Qe6 39. Rff2 Qe1+ 40. Rg1 Qe6 41. Rgg2 Rh3 42. Qf5 Qe1+ 43. Rf1 Qe7 44. Qc8+ Kg7 45. Ne5+ 1-0

[Event "Live Chess"]
[Site "Chess.com"]
[Date "2021.02.28"]
[Round "-"]
[White "Moon, Billy"]
[Black "Mitchell, Jeremy J"]
[Result "0-1"]
[BlackElo "2128"]
[CurrentPosition "8/3k2p1/p2r3p/Pp2KP1P/2p3P1/2P5/1P6/8 w - -"]
[ECO "B10"]
[ECOUrl "https://www.chess.com/openings/Caro-Kann-Defense-2.Nf3-d5"]
[EndDate "2021.02.28"]
[EndTime "11:44:50"]
[Link "https://www.chess.com/live/game/8250203537"]
[StartTime "11:18:24"]
[Termination "Croalin won by resignation"]
[TimeControl "1500+10"]
[Timezone "UTC"]
[UTCDate "2021.02.28"]
[UTCTime "11:18:24"]
[WhiteElo "1589"]

1. e4 c6 2. Nf3 d5 3. e5 Bg4 4. d4 e6 5. h3 Bh5 6. g4 Bg6 7. Bg5 Be7 8. Bxe7 Nxe7 9. Bd3 c5 10. dxc5 Qa5+ 11. c3 Qxc5 12. Bxg6 Nxg6 13. Qd4 Qc7 14. Nbd2 Nc6 15. Qe3 Ngxe5 16. Nxe5 Qxe5 17. Qe2 Qxe2+ 18. Kxe2 Ne5 19. f4 Nc4 20. Nxc4 dxc4 21. Rhd1 Ke7 22. Rd4 Rac8 23. Rad1 Rhd8 24. Ke3 a6 25. a4 Rxd4 26. Rxd4 Rc6 27. Rd2 f6 28. f5 e5 29. Ke4 Rd6 30. Rd5 b6 31. h4 h6 32. h5 Kd7 33. a5 b5 34. Rc5 Kd8 35. Rd5 Kc7 36. Rc5+ Kd7 37. Ke3 Rc6 38. Rd5+ Kc7 39. Kf3 Rd6 40. Ke4 Kc6 41. Rxe5 fxe5 42. Kxe5 Kd7 0-1

[Event "Live Chess"]
[Site "Chess.com"]
[Date "2021.02.28"]
[Round "-"]
[White "Ramazanov, Vagif"]
[Black "Dowle, Chris"]
[Result "1-0"]
[BlackElo "940"]
[CurrentPosition "6k1/4q1p1/p1N3Qp/1p6/2r5/2P2P2/PP4P1/3R1K2 b - -"]
[ECO "B33"]
[ECOUrl "https://www.chess.com/openings/Sicilian-Defense-Open-3...cxd4-4.Nxd4"]
[EndDate "2021.02.28"]
[EndTime "12:00:59"]
[Link "https://www.chess.com/live/game/8249693611"]
[StartTime "11:15:02"]
[Termination "Vagif03 won by resignation"]
[TimeControl "1500+10"]
[Timezone "UTC"]
[UTCDate "2021.02.28"]
[UTCTime "11:15:02"]
[WhiteElo "1389"]

1. e4 c5 2. Nf3 Nc6 3. d4 cxd4 4. Nxd4 d6 5. Nc3 Nf6 6. Bg5 e5 7. Ndb5 a6 8. Na3 h6 9. Bxf6 Qxf6 10. Nd5 Qd8 11. Nc4 b5 12. Ncb6 Rb8 13. Nxc8 Rxc8 14. Be2 Nd4 15. c3 Nxe2 16. Qxe2 Be7 17. O-O O-O 18. Rfd1 Rc6 19. Rd3 Qd7 20. Rad1 f5 21. exf5 Rf7 22. Nb4 Rc4 23. Qxe5 Rxf5 24. Qe3 Bg5 25. Qb6 Qf7 26. f3 Re5 27. Kf1 Qf4 28. Qxd6 Qxh2 29. Qg6 Qh1+ 30. Kf2 Be3+ 31. Rxe3 Qh4+ 32. Ke2 Rxe3+ 33. Kxe3 Qe7+ 34. Kf2 Qa7+ 35. Kf1 Qe7 36. Nc6 1-0

[Event "Live Chess"]
[Site "Chess.com"]
[Date "2021.02.28"]
[Round "-"]
[White "Munshi, Aryan"]
[Black "O`Donnell, Matthew"]
[Result "0-1"]
[BlackElo "1845"]
[CurrentPosition "8/5k2/7R/1p6/r2PK3/6P1/p6P/8 w - -"]
[ECO "A41"]
[ECOUrl "https://www.chess.com/openings/Queens-Pawn-Opening-English-Rat-Defense-3.dxe5"]
[EndDate "2021.02.28"]
[EndTime "11:54:00"]
[Link "https://www.chess.com/live/game/8249040363"]
[StartTime "11:01:08"]
[Termination "msod92 won by resignation"]
[TimeControl "1500+10"]
[Timezone "UTC"]
[UTCDate "2021.02.28"]
[UTCTime "11:01:08"]
[WhiteElo "1450"]

1. d4 d6 2. c4 e5 3. dxe5 dxe5 4. Qxd8+ Kxd8 5. Nf3 Nc6 6. Nc3 Be6 7. e3 Nf6 8. a3 a5 9. Bd2 Bd6 10. O-O-O Ke7 11. Ng5 Rhd8 12. Nxe6 Kxe6 13. Be2 e4 14. Nb5 Rac8 15. Bc3 b6 16. Nd4+ Nxd4 17. exd4 c6 18. g3 Ke7 19. f3 Kf8 20. Rhe1 Re8 21. Kc2 a4 22. fxe4 Nxe4 23. Bf3 f5 24. Bxe4 Rxe4 25. Rxe4 fxe4 26. Re1 Re8 27. Bd2 b5 28. Bb4 Bxb4 29. axb4 Kf7 30. cxb5 cxb5 31. Kd2 Kf6 32. Rf1+ Ke6 33. Ke3 Rc8 34. Kxe4 Rc2 35. Rf8 Rxb2 36. Re8+ Kd7 37. Rb8 Rxb4 38. Rb7+ Kc6 39. Rxg7 a3 40. Ra7 Ra4 41. Rxh7 a2 42. Rh6+ Kd7 43. Rh7+ Ke6 44. Rh6+ Kf7 0-1

[Event "Live Chess"]
[Site "Chess.com"]
[Date "2021.02.28"]
[Round "-"]
[White "Keenan, Alex"]
[Black "Vadalia, Jainill"]
[Result "1/2-1/2"]
[BlackElo "1421"]
[CurrentPosition "8/1p3k2/6p1/3b1p2/p2B1K1P/P5P1/1P3P2/8 b - -"]
[ECO "C64"]
[ECOUrl "https://www.chess.com/openings/Ruy-Lopez-Opening-Classical-Zukertort-Gambit-5...O-O-6.d4"]
[EndDate "2021.02.28"]
[EndTime "11:45:20"]
[Link "https://www.chess.com/live/game/8249021197"]
[StartTime "10:59:30"]
[Termination "Game drawn by agreement"]
[TimeControl "1500+10"]
[Timezone "UTC"]
[UTCDate "2021.02.28"]
[UTCTime "10:59:30"]
[WhiteElo "1830"]

1. e4 e5 2. Nf3 Nc6 3. Bb5 Bc5 4. O-O Nf6 5. c3 O-O 6. d4 exd4 7. cxd4 Bb6 8. d5 Ne7 9. Nc3 d6 10. h3 Bd7 11. Bd3 h6 12. Re1 Ng6 13. e5 Nxe5 14. Nxe5 dxe5 15. Rxe5 Bd4 16. Bh7+ Kxh7 17. Qxd4 Re8 18. Bf4 c6 19. Rae1 Be6 20. Qd3+ Kh8 21. Qe3 Nxd5 22. Nxd5 cxd5 23. Bxh6 Qh4 24. Bg5 Qh7 25. Rxd5 Bxd5 26. Qxe8+ Rxe8 27. Rxe8+ Qg8 28. Rxg8+ Kxg8 29. a3 a6 30. g3 g6 31. h4 Kg7 32. Kf1 f6 33. Be3 f5 34. Ke2 Kf6 35. Bd4+ Ke6 36. Ke3 a5 37. Kf4 a4 38. Kg5 Kf7 39. Kf4 1/2-1/2

[Event "Live Chess"]
[Site "Chess.com"]
[Date "2021.02.28"]
[Round "-"]
[White "McShane, James"]
[Black "Wardlaw, Tom"]
[Result "0-1"]
[BlackElo "1493"]
[CurrentPosition "5q1k/pp2r1pp/3p4/4nN1Q/4P3/7P/5PPK/8 w - -"]
[ECO "B21"]
[ECOUrl "https://www.chess.com/openings/Sicilian-Defense-Smith-Morra-Accepted-Scheveningen-Formation-7.O-O"]
[EndDate "2021.02.28"]
[EndTime "12:01:28"]
[Link "https://www.chess.com/live/game/8249095033"]
[StartTime "11:05:04"]
[Termination "TomChess50 won by resignation"]
[TimeControl "1500+10"]
[Timezone "UTC"]
[UTCDate "2021.02.28"]
[UTCTime "11:05:04"]
[WhiteElo "1305"]

1. e4 c5 2. d4 cxd4 3. c3 dxc3 4. Nxc3 Nc6 5. Nf3 d6 6. Bc4 e6 7. O-O Be7 8. Bf4 Nf6 9. Qe2 e5 10. Bg5 O-O 11. h3 Be6 12. Rfd1 Rc8 13. Bxe6 fxe6 14. Rac1 Nh5 15. Be3 Nf4 16. Bxf4 Rxf4 17. Qe3 Rf8 18. Ne2 Qd7 19. b4 Nxb4 20. Nxe5 Qa4 21. Nf3 Rxc1 22. Rxc1 Qxa2 23. Rc7 Qb1+ 24. Kh2 Nc6 25. Nfd4 Bd8 26. Rd7 Ne5 27. Rxd8 Rxd8 28. Nxe6 Re8 29. N2d4 Qa2 30. Nc7 Re7 31. Qg5 Qf7 32. Nd5 Re8 33. Nf5 Qf8 34. Nde7+ Kh8 35. Qh5 Rxe7 0-1

[Event "Live Chess"]
[Site "Chess.com"]
[Date "2021.02.28"]
[Round "-"]
[White "Wilson, Andy"]
[Black "Lukhi, Neev"]
[Result "0-1"]
[BlackElo "1373"]
[CurrentPosition "2R5/5pkp/8/1p6/8/5P1P/2p3P1/r4K2 w - -"]
[ECO "C00"]
[ECOUrl "https://www.chess.com/openings/French-Defense-Knight-Variation-2...d5"]
[EndDate "2021.02.28"]
[EndTime "11:22:51"]
[Link "https://www.chess.com/live/game/8249075897"]
[StartTime "11:03:31"]
[Termination "StPatKid won by resignation"]
[TimeControl "1500+10"]
[Timezone "UTC"]
[UTCDate "2021.02.28"]
[UTCTime "11:03:31"]
[WhiteElo "1470"]

1. e4 e6 2. Nf3 d5 3. exd5 exd5 4. h3 Nc6 5. Bb5 Bd7 6. O-O a6 7. Ba4 Nf6 8. d4 Be7 9. Bb3 O-O 10. c4 Bf5 11. a3 Be4 12. Nc3 Bxf3 13. Qxf3 Nxd4 14. Qd1 Nxb3 15. Qxb3 d4 16. Nd5 Nxd5 17. cxd5 b5 18. Rd1 Bf6 19. Qf3 Qd7 20. b4 Rfd8 21. Bb2 Qxd5 22. Rd3 Qxf3 23. Rxf3 a5 24. bxa5 Rxa5 25. Rd1 c5 26. Rf4 d3 27. Bxf6 gxf6 28. Rxf6 Rxa3 29. Kf1 c4 30. f3 c3 31. Rc6 c2 32. Rxc2 dxc2 33. Rxd8+ Kg7 34. Rc8 Ra1+ 0-1

[Event "Live Chess"]
[Site "Chess.com"]
[Date "2021.02.28"]
[Round "-"]
[White "Benson, Alice"]
[Black "Perrie, Bill"]
[Result "0-1"]
[BlackElo "1217"]
[CurrentPosition "8/8/2R2pkp/1p1K2p1/1P4P1/2P5/4r1P1/8 w - -"]
[ECO "A41"]
[ECOUrl "https://www.chess.com/openings/Queens-Pawn-Opening-1...d6"]
[EndDate "2021.02.28"]
[EndTime "12:26:39"]
[Link "https://www.chess.com/live/game/8251448429"]
[StartTime "11:41:47"]
[Termination "squashboy won on time"]
[TimeControl "1510"]
[Timezone "UTC"]
[UTCDate "2021.02.28"]
[UTCTime "11:41:47"]
[WhiteElo "1246"]

1. d4 d6 2. Bf4 e6 3. e3 Nc6 4. Nf3 Be7 5. c3 Nf6 6. h3 d5 7. Bd3 Bd6 8. Bg5 h6 9. Bh4 Be7 10. Nbd2 Bd7 11. O-O O-O 12. Bg3 Nh5 13. Ne5 Nxg3 14. Nxc6 Bxc6 15. fxg3 Qe8 16. Nf3 Bb5 17. a4 Bxd3 18. Qxd3 Bd6 19. Kh2 c5 20. e4 c4 21. Qc2 dxe4 22. Qxe4 Qb8 23. Ne5 Bxe5 24. dxe5 Qc7 25. Rf4 Rad8 26. Qe2 Rd5 27. Rxc4 Qxe5 28. Qxe5 Rxe5 29. Rc7 Rb8 30. Rf1 Rf5 31. Rxf5 exf5 32. Kg1 a6 33. Kf2 Kf8 34. Kf3 g6 35. b4 Kg7 36. Kf4 b5 37. axb5 axb5 38. Rc5 g5+ 39. Kf3 Kg6 40. g4 fxg4+ 41. hxg4 Rb6 42. Ke4 Re6+ 43. Kd5 Re2 44. Rc6+ f6 0-1

[Event "Live Chess"]
[Site "Chess.com"]
[Date "2021.02.28"]
[Round "-"]
[White "Brown, Gerry"]
[Black "Flood, Raymond"]
[Result "1-0"]
[BlackElo "1565"]
[CurrentPosition "r2qr1k1/pp2pp2/7Q/3p1p2/3P4/2PR4/PP3P2/4R1K1 b - -"]
[ECO "B07"]
[ECOUrl "https://www.chess.com/openings/Pirc-Defense-Modern-Defense-Geller-System"]
[EndDate "2021.02.28"]
[EndTime "11:42:19"]
[Link "https://www.chess.com/live/game/8249023781"]
[StartTime "11:00:00"]
[Termination "Gerry44 won by resignation"]
[TimeControl "1500+10"]
[Timezone "UTC"]
[UTCDate "2021.02.28"]
[UTCTime "11:00:00"]
[WhiteElo "1508"]

1. e4 d6 2. Nf3 Nf6 3. Nc3 g6 4. Bc4 Bg7 5. O-O O-O 6. Re1 c6 7. d4 Nxe4 8. Nxe4 d5 9. Bb3 dxe4 10. Rxe4 Bf5 11. Re1 Nd7 12. c3 Nf6 13. h3 Qc7 14. Ne5 Nd5 15. Bxd5 cxd5 16. Bf4 Qd8 17. Qd2 Re8 18. Rad1 h5 19. g4 hxg4 20. hxg4 Bxe5 21. gxf5 Bxf4 22. Qxf4 gxf5 23. Qg5+ Kf8 24. Qh6+ Kg8 25. Rd3 1-0

[Event "Live Chess"]
[Site "Chess.com"]
[Date "2021.02.28"]
[Round "-"]
[White "Seijas Otero, Ana Belen"]
[Black "Heatlie, Douglas S"]
[Result "1/2-1/2"]
[BlackElo "1617"]
[CurrentPosition "8/8/8/2k2p1p/p4P1P/P2K1P2/8/8 b - -"]
[ECO "D01"]
[ECOUrl "https://www.chess.com/openings/Richter-Veresov-Attack-3...Nbd7"]
[EndDate "2021.02.28"]
[EndTime "11:32:11"]
[Link "https://www.chess.com/live/game/8249630413"]
[StartTime "11:10:18"]
[Termination "Game drawn by agreement"]
[TimeControl "1500+10"]
[Timezone "UTC"]
[UTCDate "2021.02.28"]
[UTCTime "11:10:18"]
[WhiteElo "1366"]

1. d4 d5 2. Nc3 Nf6 3. Bg5 Nbd7 4. f3 e6 5. e4 Be7 6. exd5 exd5 7. Bd3 h6 8. Be3 O-O 9. Nge2 b6 10. O-O Bb7 11. Bf2 c5 12. dxc5 bxc5 13. Ng3 c4 14. Be2 Bc5 15. Bxc5 Nxc5 16. Qd4 Ne6 17. Qd2 Qb6+ 18. Kh1 Rfd8 19. b3 d4 20. Na4 Qc6 21. Bxc4 Rac8 22. Bd3 Qd6 23. Nb2 Nc5 24. Nc4 Qb8 25. Rfe1 Nxd3 26. Qxd3 Ba6 27. Rad1 Qb4 28. Nf5 Bxc4 29. bxc4 Rxc4 30. a3 Qc5 31. Ne3 Rc3 32. Qd2 Re8 33. Ng4 Rxe1+ 34. Qxe1 Rxc2 35. Nxf6+ gxf6 36. Qe8+ Kg7 37. Qe4 Rc1 38. Qe1 Rxd1 39. Qxd1 Qc3 40. h3 d3 41. Kg1 d2 42. Kf2 Qc1 43. Ke2 f5 44. Qxd2 Qxd2+ 45. Kxd2 Kf6 46. Kd3 Ke5 47. g3 Kd5 48. Kc3 a5 49. Kd3 f6 50. Kc3 h5 51. Kd3 Kc5 52. Kc3 a4 53. h4 f4 54. gxf4 f5 55. Kd3 Kd5 56. Kc3 Kc5 57. Kd3 1/2-1/2

[Event "Live Chess"]
[Site "Chess.com"]
[Date "2021.02.28"]
[Round "-"]
[White "Anderson, George C"]
[Black "Kelly, Conor"]
[Result "0-1"]
[BlackElo "1342"]
[CurrentPosition "r1b2rk1/1p4bp/p2p2p1/2pP1p2/2P1n3/1P2qN1P/PB2B1P1/1R1Q1R1K w - -"]
[ECO "A84"]
[ECOUrl "https://www.chess.com/openings/Dutch-Defense-Normal-Variation"]
[EndDate "2021.02.28"]
[EndTime "11:53:12"]
[Link "https://www.chess.com/live/game/8249027977"]
[StartTime "11:00:30"]
[Termination "kellycj42 won on time"]
[TimeControl "1500+10"]
[Timezone "UTC"]
[UTCDate "2021.02.28"]
[UTCTime "11:00:30"]
[WhiteElo "1057"]

1. d4 f5 2. c4 Nf6 3. Nf3 g6 4. e3 Bg7 5. Be2 O-O 6. O-O d6 7. Nc3 c6 8. b3 Qe8 9. Bb2 e5 10. d5 e4 11. Ne1 c5 12. Nb5 Qe7 13. Rb1 a6 14. Na3 Nbd7 15. Nac2 Ne5 16. f4 exf3 17. Nxf3 Neg4 18. h3 Nxe3 19. Nxe3 Qxe3+ 20. Kh1 Ne4 0-1

[Event "Live Chess"]
[Site "Chess.com"]
[Date "2021.02.28"]
[Round "-"]
[White "McEvoy Gould, Kit"]
[Black "Craigmile, Neil"]
[Result "1-0"]
[BlackElo "995"]
[CurrentPosition "8/1pN1b3/p2p2kp/3P4/2P5/6PR/PP4KP/8 b - -"]
[ECO "C55"]
[ECOUrl "https://www.chess.com/openings/Italian-Game-Anti-Fried-Liver-Defense"]
[EndDate "2021.02.28"]
[EndTime "11:25:48"]
[Link "https://www.chess.com/live/game/8249078429"]
[StartTime "11:03:45"]
[Termination "KLM742 won by resignation"]
[TimeControl "1500+10"]
[Timezone "UTC"]
[UTCDate "2021.02.28"]
[UTCTime "11:03:45"]
[WhiteElo "1162"]

1. e4 e5 2. Nf3 Nc6 3. Bc4 h6 4. O-O d6 5. c3 Be6 6. Bxe6 fxe6 7. d3 Nf6 8. Re1 Be7 9. Be3 O-O 10. Nbd2 Nh7 11. d4 Bf6 12. d5 exd5 13. exd5 Ne7 14. c4 Nf5 15. Ne4 Nxe3 16. Rxe3 Ng5 17. Nfxg5 Bxg5 18. Rg3 Bh4 19. Rh3 Rf4 20. Qd3 Qf8 21. g3 Rf3 22. Qe2 Be7 23. Kg2 Qf5 24. Qxf3 Qxf3+ 25. Kxf3 Rf8+ 26. Kg2 a6 27. Rf1 Kh7 28. f4 exf4 29. Rxf4 g5 30. Rxf8 Bxf8 31. Nxg5+ Kg6 32. Ne6 Be7 33. Nxc7 1-0

[Event "Live Chess"]
[Site "Chess.com"]
[Date "2021.02.28"]
[Round "-"]
[White "Kante, Kalyan Sai Nandan"]
[Black "Brown, Gerry"]
[Result "1-0"]
[BlackElo "1471"]
[CurrentPosition "8/1p6/p1p1k3/2N1P1p1/4K3/8/PPP3P1/8 b - -"]
[ECO "A45"]
[ECOUrl "https://www.chess.com/openings/Indian-Game"]
[EndDate "2021.02.28"]
[EndTime "14:12:52"]
[Link "https://www.chess.com/live/game/8259903883"]
[StartTime "14:04:25"]
[Termination "GoodChesswizard999 won by resignation"]
[TimeControl "1500+10"]
[Timezone "UTC"]
[UTCDate "2021.02.28"]
[UTCTime "14:04:25"]
[WhiteElo "1570"]

1. d4 Nf6 2. Bf4 d6 3. Nc3 g6 4. e4 Nbd7 5. Nf3 Bg7 6. Qd2 Nh5 7. Bh6 O-O 8. O-O-O e5 9. Bxg7 Nxg7 10. dxe5 dxe5 11. Nxe5 Ne6 12. Nxd7 Bxd7 13. Qxd7 Qxd7 14. Rxd7 Rad8 15. Rxd8 Rxd8 16. Bc4 c6 17. Bxe6 fxe6 18. Rd1 Rxd1+ 19. Kxd1 Kf7 20. Ke2 Ke7 21. Ke3 e5 22. f4 exf4+ 23. Kxf4 Kf6 24. e5+ Ke6 25. Ke4 h6 26. h4 a6 27. Na4 g5 28. hxg5 hxg5 29. Nc5+ 1-0

[Event "Live Chess"]
[Site "Chess.com"]
[Date "2021.02.28"]
[Round "-"]
[White "Ramazanov, Vagif"]
[Black "Austin, Andrew"]
[Result "1-0"]
[BlackElo "994"]
[CurrentPosition "8/8/8/K7/P7/1P4k1/6p1/6Q1 b - -"]
[ECO "B01"]
[ECOUrl "https://www.chess.com/openings/Scandinavian-Defense-Mieses-Kotrc-Variation-3.Nc3-Qd8"]
[EndDate "2021.02.28"]
[EndTime "14:32:47"]
[Link "https://www.chess.com/live/game/8259832077"]
[StartTime "13:59:36"]
[Termination "Vagif03 won by resignation"]
[TimeControl "1500"]
[Timezone "UTC"]
[UTCDate "2021.02.28"]
[UTCTime "13:59:36"]
[WhiteElo "1404"]

1. e4 d5 2. exd5 Qxd5 3. Nc3 Qd8 4. d4 Nf6 5. Nf3 Bg4 6. Be2 e6 7. O-O Bd6 8. Bg5 Rf8 9. Ne4 Be7 10. Bxf6 Bxf6 11. Nxf6+ Qxf6 12. h3 Bxf3 13. Bxf3 c6 14. Re1 Nd7 15. d5 Ne5 16. dxe6 Nxf3+ 17. Qxf3 Qxf3 18. gxf3 fxe6 19. Rxe6+ Kd7 20. Rae1 Rae8 21. Rxe8 Rxe8 22. Rxe8 Kxe8 23. Kg2 Kf7 24. Kg3 Kf6 25. Kf4 Ke6 26. Ke4 c5 27. c4 Kd6 28. Kf5 a6 29. a4 Kc6 30. b3 Kd6 31. f4 Ke7 32. Ke5 Kd7 33. f5 Ke7 34. f4 h6 35. Kd5 Kf6 36. Kxc5 Kxf5 37. Kb6 Kxf4 38. c5 g6 39. Kc7 g5 40. Kxb7 h5 41. c6 g4 42. hxg4 hxg4 43. c7 g3 44. c8=Q g2 45. Qc5 Kf3 46. Qg1 a5 47. Ka6 Kg3 48. Kxa5 1-0

[Event "Live Chess"]
[Site "Chess.com"]
[Date "2021.02.28"]
[Round "-"]
[White "Craigmile, Neil"]
[Black "MacMillan, Malcolm"]
[Result "1-0"]
[BlackElo "1195"]
[CurrentPosition "8/8/8/7k/8/7R/5KQ1/8 b - -"]
[ECO "B01"]
[ECOUrl "https://www.chess.com/openings/Scandinavian-Defense-Mieses-Kotrc-Main-Line"]
[EndDate "2021.02.28"]
[EndTime "14:42:08"]
[Link "https://www.chess.com/live/game/8259829371"]
[StartTime "14:00:04"]
[Termination "Aberloon won by checkmate"]
[TimeControl "1500+10"]
[Timezone "UTC"]
[UTCDate "2021.02.28"]
[UTCTime "14:00:04"]
[WhiteElo "1200"]

1. e4 d5 2. exd5 Qxd5 3. Nc3 Qa5 4. Bc4 c6 5. a3 e6 6. Nf3 Nf6 7. d3 Nbd7 8. Bd2 Qc7 9. O-O a5 10. Re1 b5 11. Ba2 Be7 12. Qc1 O-O 13. Ne2 e5 14. Ng3 Nd5 15. c4 bxc4 16. Bxc4 Bd6 17. Bxd5 Nc5 18. Be4 Nb3 19. Qxc6 Nxa1 20. Qxa8 Nb3 21. Bxh7+ Kxh7 22. Qe4+ g6 23. Qh4+ Kg7 24. Bh6+ Kg8 25. Bxf8 Bxf8 26. Ng5 f6 27. N5e4 Bg7 28. Nxf6+ Bxf6 29. Qxf6 Nd4 30. Qxg6+ Qg7 31. Qxg7+ Kxg7 32. Rxe5 Ba6 33. Nf5+ Nxf5 34. Rxf5 Bxd3 35. Rxa5 Kf6 36. b4 Ke6 37. b5 Kd7 38. b6 Be4 39. Re5 Bb7 40. a4 Kc6 41. a5 Ba6 42. h4 Kb7 43. h5 Bd3 44. h6 Ka6 45. Rh5 Bg6 46. Rg5 Bd3 47. Rg7 Kxa5 48. h7 Bxh7 49. Rxh7 Kxb6 50. f4 Kc6 51. Rh3 Kd5 52. f5 Ke5 53. Rf3 Kf6 54. g4 Kf7 55. Kg2 Kf6 56. Kg3 Kf7 57. f6 Kf8 58. f7 Kg7 59. f8=Q+ Kg6 60. Qg8+ Kh6 61. g5+ Kh5 62. Qh8+ Kxg5 63. Kf2 Kg4 64. Qg8+ Kh4 65. Qg2 Kh5 66. Rh3# 1-0